 Dungeon Crawl Stone Soup version 0.24-a0-368-g0e0cebd0f3 (webtiles) character file.

Game seed: 927006088462891757

10844 Avack the Grappler (level 11, -5/88 HPs)
             Began as a Troll Ice Elementalist on May 29, 2019.
             Was an Elder of Nemelex Xobeh.
             Slain by a vampire mosquito (8 damage)
             ... on level 11 of the Dungeon.
             The game lasted 00:30:55 (10965 turns).

Avack the Grappler (Troll Ice Elementalist)        Turns: 10965, Time: 00:30:57

Health: -5/88      AC:  9    Str: 18    XL:     11   Next: 41%
Magic:  11/11      EV:  9    Int: 11    God:    Nemelex Xobeh [****..]
Gold:   716        SH: 12    Dex: 10    Spells: 4/12 levels left

rFire    . . .     SeeInvis .     - Unarmed
rCold    . . .     Gourm    +   K - +2 shield
rNeg     . . .     Faith    .   a - +0 robe
rPois    +         Spirit   .   (helmet restricted)
rElec    .         Reflect  .   z - +2 cloak of Weirdness {Int-3 Slay+5}
rCorr    .         Harm     .   (gloves unavailable)
MR       .....                  (boots unavailable)
Stlth    +.........             F - amulet of the acrobat
HPRegen  0.64/turn              H - ring of poison resistance
MPRegen  0.12/turn              B - ring of wizardry

@: about to teleport
A: large, unfitting armour, claws 3, fast metabolism 3, gourmand, regeneration
1, shaggy fur 1, tough skin 3
a: Draw Escape, Draw Destruction, Draw Summoning, Triple Draw, Deal Four,
Renounce Religion


You were on level 11 of the Dungeon.
You worshipped Nemelex Xobeh.
Nemelex Xobeh was greatly pleased with you.
You were very full.

You visited 1 branch of the dungeon, and saw 12 of its levels.

You collected 716 gold pieces.

Inventory:

Missiles
 n - 6 datura-tipped darts
 s - 37 poisoned darts
 x - 2 throwing nets
 E - 6 silver boomerangs
 L - 7 atropa-tipped darts
 M - 13 large rocks (quivered)
Armour
 a - a +0 robe (worn)
 z - the +2 cloak of Weirdness (worn) {Int-3 Slay+5}
   (You found it on level 9 of the Dungeon)

   It affects your intelligence (-3).
   It affects your accuracy and damage with ranged weapons and melee attacks
   (+5).
 K - a +2 shield (worn)
Jewellery
 b - a +3 ring of protection
 w - an uncursed ring of resist corrosion
 B - a ring of wizardry (right claw)
 F - an amulet of the acrobat (around neck)
 H - a ring of poison resistance (left claw)
 J - an uncursed ring of magical power
Wands
 l - a wand of acid (30)
 m - a wand of paralysis (6)
 u - a wand of flame (24)
 v - a wand of enslavement (6)
 y - a wand of digging (4)
 D - a wand of polymorph (7)
Scrolls
 e - 6 scrolls of remove curse
 f - a scroll of magic mapping
 g - 7 scrolls of teleportation
 p - a scroll of amnesia
 r - 6 scrolls of identify
 A - a scroll of silence
 G - 2 scrolls of brand weapon
Potions
 d - 10 potions of curing
 i - a potion of magic
 j - 6 potions of lignification
 k - 2 potions of agility
 o - 5 potions of brilliance
 q - a potion of mutation
 t - 2 potions of haste
 C - a potion of cancellation
 I - a potion of berserk rage
Comestibles
 c - 28 rations


   Skills:
 - Level 1.5 Dodging
 - Level 1.0 Stealth
 + Level 7.4 Shields
 + Level 12.6 Unarmed Combat
 - Level 1.2 Spellcasting
   Level 0.6 Conjurations
 - Level 2.7 Charms
 - Level 3.3 Summonings
 - Level 5.4 Ice Magic


You had 4 spell levels left.
You knew the following spells:

 Your Spells              Type           Power        Failure   Level  Hunger
a - Freeze                Ice            ##..         1%          1    ##.....
b - Ozocubu's Armour      Chrm/Ice       #.......     11%         3    ####...
c - Summon Ice Beast      Ice/Summ       ##......     28%         4    #####..

Your spell library contained the following spells:

 Spells                   Type           Power        Failure   Level  Hunger
 Throw Frost              Conj/Ice       #.....       9%          2    ###....
 Throw Icicle             Conj/Ice       #.......     45%         4    #####..


Dungeon Overview and Level Annotations

Branches:
Dungeon (12/15)            Temple (0/1) D:5            Lair (0/6) D:9
    Orc (0/2) D:9

Altars:
Dithmenos
Nemelex Xobeh
Qazlal
Vehumet
The Shining One

Shops:
D:5 !

Annotations:
D:3 Grinder


Innate Abilities, Weirdness & Mutations

You are too large for most types of armour.
You have claws for hands.
Your metabolism is lightning-fast.
You like to eat raw meat.
Your natural rate of healing is unusually fast.
You are covered in fur. (AC +1)
You have extremely tough skin. (AC +3)


Message History

The vampire mosquito bites you.
* * * LOW HITPOINT WARNING * * *
The vampire mosquito draws strength from your injuries!
You block the vampire mosquito's attack.
The vampire mosquito barely misses you.
Unknown command.
Okay, then.
As you read the scroll of teleportation, it crumbles to dust.
You feel strangely unstable.
The vampire mosquito bites you but does no damage.
The vampire mosquito bites you!
* * * LOW HITPOINT WARNING * * *
The vampire mosquito draws strength from your injuries!
You block the vampire mosquito's attack.
The vampire mosquito bites you.
* * * LOW HITPOINT WARNING * * *
The vampire mosquito draws strength from your injuries!
The vampire mosquito bites you!
You die...
Your body glows slightly and disappears.

###.##≈≈≈≈≈≈##.##.#
##..≈≈≈≈#≈≈#..##.#
##...###≈≈##≈..##.###
#......##≈≈....##...#
#.#............####.#
#'##..######.### #.#
........# #.######'##
........####..○☼y☼...#
........'..#..☼y@☼○..#
........##.#..☼☼☼y☼..#
........##.#[...☼☼☼..#
........##.)[........#
........####.........#
........# #.........#
######'## ###.#######
#...# #..#####
####'### #......#


You could see 3 vampire mosquitoes.

Vanquished Creatures
  A hydra (D:11)
  A two-headed ogre (D:11)
  A sea snake (D:11)
  Joseph (D:7)
  A wind drake (D:11)
  2 dream sheep (D:11)
  8 yaks
  A hungry ghost (D:11)
  A steam dragon (D:8)
  4 sky beasts
  An ice beast (D:9)
  A phantom (D:10)
  A black bear (D:8)
  6 orc warriors
  An eye of draining (D:9)
  A wolf (D:5)
  11 centaurs
  3 big kobolds
  4 bullfrogs
  A wyvern skeleton (D:4)
  A scorpion (D:8)
  A water moccasin skeleton (D:9)
  4 killer bees
  12 wights
  An electric eel (D:11)
  7 crimson imps
  A bullfrog zombie (D:9)
  A centaur zombie (D:4)
  A quasit (D:5)
  8 hounds
  4 orc priests
  11 orc wizards
  3 jellies
  A gnoll shaman (D:6)
  3 bullfrog skeletons
  Jessica (D:2)
  6 iguanas
  Terence (D:2)
  A centaur skeleton (D:9)
  8 worker ants
  4 worker ant zombies
  4 gnolls (D:6)
  15 adders
  2 river rats (D:9)
  3 oozes
  2 adder zombies (D:9)
  An adder skeleton (D:4)
  3 worms
  2 dart slugs
  4 leopard geckos
  34 orcs
  8 bats
  7 giant cockroaches
  6 goblins
  9 hobgoblins
  5 jackals
  11 kobolds
  5 quokkas
  A ball python (D:3)
  3 frilled lizards
  A quokka skeleton (D:5)
  7 rats
264 creatures vanquished.

Vanquished Creatures (collateral kills)
  A cyclops (D:10)
  A troll (D:8)
  A wight (D:8)
  2 gnolls (D:6)
  An adder (D:2)
  A worm (D:2)
7 creatures vanquished.

Vanquished Creatures (others)
  Maurice (D:10)
  A big kobold (D:11)
  A bullfrog (shapeshifter) (D:8)
  2 bullfrogs
  4 wights
  A gnoll (D:6)
  An orc (D:12)
  2 kobolds (D:7)
  2 plants (D:11)
15 creatures vanquished.

Grand Total: 286 creatures vanquished

Notes
Turn   | Place    | Note
-------+----------+-------------------------------------------
     0 | D:1      | Avack the Troll Ice Elementalist began the quest for the
                  | Orb.
     0 | D:1      | Reached XP level 1. HP: 16/16 MP: 1/1
    88 | D:1      | Reached skill level 1 in Unarmed Combat
   184 | D:1      | Reached XP level 2. HP: 18/24 MP: 2/2
   330 | D:1      | Reached skill level 2 in Unarmed Combat
   894 | D:2      | Reached XP level 3. HP: 30/31 MP: 0/3
   899 | D:2      | Learned a level 3 spell: Ozocubu's Armour
  1008 | D:2      | Reached skill level 3 in Unarmed Combat
  1066 | D:2      | Noticed Jessica
  1077 | D:2      | Killed Jessica
  1077 | D:2      | Reached XP level 4. HP: 39/39 MP: 0/4
  1138 | D:2      | Reached skill level 1 in Charms
  1280 | D:2      | Noticed Terence
  1292 | D:2      | Reached XP level 5. HP: 45/45 MP: 5/5
  1310 | D:2      | Killed Terence
  1458 | D:3      | Found a sparkling altar of Nemelex Xobeh.
  1463 | D:3      | Became a worshipper of Nemelex Xobeh the Trickster
  1681 | D:3      | Noticed Grinder
  1804 | D:3      | Received a gift from Nemelex Xobeh
  2052 | D:3      | Reached skill level 4 in Unarmed Combat
  2193 | D:3      | Found a shadowy altar of Dithmenos.
  2273 | D:3      | Reached * piety under Nemelex Xobeh
  2673 | D:4      | Reached XP level 6. HP: 53/53 MP: 1/6
  3703 | D:5      | Entered Level 5 of the Dungeon
  3703 | D:5      | Found Laere's Distillery.
  3846 | D:5      | Reached XP level 7. HP: 51/59 MP: 4/7
  3853 | D:5      | Reached skill level 5 in Unarmed Combat
  3868 | D:5      | Learned a level 4 spell: Summon Ice Beast
  3914 | D:5      | Reached ** piety under Nemelex Xobeh
  4067 | D:5      | Found a staircase to the Ecumenical Temple.
  4266 | D:5      | Received a gift from Nemelex Xobeh
  4307 | D:5      | Reached skill level 1 in Summonings
  4736 | D:6      | Reached skill level 6 in Unarmed Combat
  4736 | D:6      | Reached XP level 8. HP: 63/67 MP: 8/8
  4976 | D:6      | Found a stormy altar of Qazlal.
  5415 | D:6      | Found a radiant altar of Vehumet.
  5415 | D:6      | Found a glowing golden altar of the Shining One.
  5832 | D:7      | Noticed Joseph
  5930 | D:7      | Reached skill level 7 in Unarmed Combat
  5945 | D:7      | Killed Joseph
  5945 | D:7      | Reached skill level 5 in Ice Magic
  6199 | D:7      | Reached XP level 9. HP: 74/74 MP: 7/9
  6392 | D:7      | Noticed a kobold demonologist
  6392 | D:7      | Noticed a troll
  6431 | D:7      | Reached skill level 8 in Unarmed Combat
  6469 | D:7      | Reached *** piety under Nemelex Xobeh
  6585 | D:8      | Received a gift from Nemelex Xobeh
  7486 | D:9      | Noticed a troll
  7497 | D:8      | Reached skill level 1 in Shields
  7562 | D:9      | Reached skill level 9 in Unarmed Combat
  7586 | D:8      | Killed a troll
  7586 | D:8      | HP: 3/74 [twister/tornado[a card of wild magic] (13)]
  7680 | D:9      | Got an ichor-stained cloak
  7681 | D:9      | Identified the +2 cloak of Weirdness {Int-3 Slay+5} (You
                  | found it on level 9 of the Dungeon)
  7715 | D:9      | Noticed a troll
  7735 | D:8      | a troll changed into a shapeshifter
  7832 | D:9      | Reached skill level 10 in Unarmed Combat
  7958 | D:9      | Found a staircase to the Lair.
  8035 | D:9      | Reached XP level 10. HP: 54/81 MP: 3/10
  8090 | D:9      | Found a staircase to the Orcish Mines.
  8249 | D:9      | Received a gift from Nemelex Xobeh
  8316 | D:9      | Reached **** piety under Nemelex Xobeh
  8506 | D:10     | Entered Level 10 of the Dungeon
  8545 | D:10     | Found a shadowy altar of Dithmenos.
  8864 | D:10     | Reached skill level 11 in Unarmed Combat
  8883 | D:10     | Noticed Maurice
  8884 | D:10     | Received a gift from Nemelex Xobeh
  8907 | D:10     | Killed Maurice
  8907 | D:10     | Reached skill level 5 in Shields
  9045 | D:10     | Noticed a cyclops
  9050 | D:10     | Identified the +2 long sword "Ybyis" {venom, Int+4}
  9080 | D:10     | Killed a cyclops
  9402 | D:10     | Identified the +5 great sword of the Spectre {pain, rPois}
                  | (You found it on level 10 of the Dungeon)
  9563 | D:11     | Noticed a cyclops
  9623 | D:11     | Received a gift from Nemelex Xobeh
  9642 | D:11     | Noticed a two-headed ogre
  9687 | D:11     | You fall into a shaft and drop 1 floor!
  9698 | D:12     | Noticed a gargoyle
 10059 | D:11     | Received a gift from Nemelex Xobeh
 10326 | D:11     | Reached XP level 11. HP: 59/88 MP: 1/11
 10329 | D:11     | Reached skill level 12 in Unarmed Combat
 10478 | D:11     | Killed a two-headed ogre
 10495 | D:11     | Noticed a two-headed hydra
 10504 | D:11     | Killed a four-headed hydra
 10772 | D:11     | Noticed a sea snake
 10772 | D:11     | a cyclops changed into a sea snake
 10781 | D:11     | Killed a sea snake
 10965 | D:11     | HP: 3/88 [vampire mosquito (5)]
 10965 | D:11     | Slain by a vampire mosquito

Levels and vault maps discovered:
D:1:      kilobyte_arrival_exit_the_forest, layout_loops_ring
D:2:      layout_basic, first_ration, serial_glass, glass_columns_c,
          glass_columns_c, uniq_jessica, uniq_terence
D:3:      minmay_recursive_quarters, layout_basic, lemuel_crystal_altar,
          serial_bayou, serial_bayou_pond_d, serial_bayou_pond_b,
          serial_bayou_lagoon_b, serial_bayou_lagoon_a,
          nemelex_diamond_rough_becter, uniq_grinder
D:4:      layout_basic
D:5:      layout_basic, minmay_temple_entry_fiery, serial_shops,
          nicolae_shop_window_shopping
D:6:      layout_basic, nicolae_qazlal_general_emergency,
          gammafunk_temple_overflow_elements
D:7:      layout_basic, lightli_corner_chamber, uniq_joseph
D:8:      layout_rooms, serial_rivers, chequers_serial_rivers_room_b,
          chequers_serial_rivers_small_3, chequers_serial_rivers_micro_b,
          chequers_serial_rivers_small_a, chequers_serial_rivers_micro_a,
          chequers_serial_rivers_micro_d
D:9:      layout_cave_pools, lair_entry_dummy, hiddenorc1_lemuel,
          kennysheep_pointless_box
D:10:     layout_roguey, basic_altar, uniq_maurice
D:11:     layout_roguey, hangedman_ranch [blue_anna_fruit_fields], minivault_4
D:12:     layout_loops_corners, minmay_splitting_lines, minivault_19

Skill      XL: |  1  2  3  4  5  6  7  8  9 10 11 |
---------------+----------------------------------+-----
Unarmed Combat | 1 2 3 4 6 7 10 11 12 | 12.6
Charms         | 1 2 |  2.7
Ice Magic      | 3 4 5 |  5.4
Summonings     | 1 2 3 |  3.3
Shields        | 3 6 7 |  7.4
Dodging        | |  1.5
Stealth        | |  1.0
Spellcasting   | |  1.2
Conjurations   | |  0.6

Action                   |  1- 3 |  4- 6 |  7- 9 | 10-12 || total
-------------------------+-------+-------+-------+-------++-------
Melee: Unarmed           |    72 |   168 |   294 |   239 ||   773
       Punch             |       |     2 |     8 |       ||    10
Throw: Dart              |       |     1 |    13 |       ||    14
       Boomerang         |       |       |    10 |     5 ||    15
       Large rock        |       |       |       |     2 ||     2
 Cast: Freeze            |    10 |    29 |    19 |     3 ||    61
       Ozocubu's Armour  |     1 |       |    10 |     3 ||    14
       Summon Ice Beast  |       |       |       |     1 ||     1
 Abil: Draw Destruction  |       |     1 |    17 |    22 ||    40
       Draw Escape       |       |       |     1 |    12 ||    13
       Draw Summoning    |       |       |       |     7 ||     7
  Use: Scroll            |       |    11 |    14 |     9 ||    34
       Potion            |       |       |     1 |     2 ||     3
 Stab: Sleeping          |     3 |     1 |     2 |     3 ||     9
       Distracted        |       |       |       |     1 ||     1
  Eat: Chunk             |    16 |    21 |    42 |    30 ||   109
       Ration            |       |     1 |       |       ||     1
Armor: Robe              |    31 |   116 |   135 |    66 ||   348
Dodge: Dodged            |    30 |   116 |   199 |   118 ||   463
Block: Shield            |       |       |     8 |   124 ||   132

Table legend:
 A = Non-vault XP
 B = Vault XP
 C = Vault XP percentage of total XP
 D = Non-vault monster count
 E = Vault monster count
 F = Vault count percentage of total count
                 A         B        C        D         E       F
            +---------+---------+-------+---------+---------+-------
      Total |   11983 |    3509 |  22.7 |     238 |      46 |  16.2
            +---------+---------+-------+---------+---------+-------
        D:1 |      28 |       0 |   0.0 |      17 |       0 |   0.0
        D:2 |     131 |      63 |  32.5 |      21 |       2 |   8.7
        D:3 |      32 |     115 |  78.2 |      11 |      17 |  60.7
        D:4 |     296 |       0 |   0.0 |       9 |       0 |   0.0
        D:5 |     737 |       0 |   0.0 |      24 |       0 |   0.0
        D:6 |     330 |       0 |   0.0 |      14 |       0 |   0.0
        D:7 |    1031 |     445 |  30.1 |      24 |       1 |   4.0
        D:8 |    1510 |       0 |   0.0 |      24 |       0 |   0.0
        D:9 |    1438 |     260 |  15.3 |      31 |      17 |  35.4
       D:10 |    2512 |     426 |  14.5 |      23 |       1 |   4.2
       D:11 |    3819 |    2200 |  36.6 |      37 |       8 |  17.8
       D:12 |     119 |       0 |   0.0 |       3 |       0 |   0.0
            +---------+---------+-------+---------+---------+-------
